 Dungeon Crawl Stone Soup version 0.27-a0-1308-gc08437e49b (webtiles) character file.

Game seed: 1086605291079534019

55 hunterBerkeley the Vexing (level 3, -7/28 HPs)
             Began as a Gnoll Arcane Marksman on June 19, 2021.
             Mangled by a black bear (12 damage)
             ... on level 2 of the Dungeon.
             The game lasted 00:06:23 (1120 turns).

hunterBerkeley the Vexing (Gnoll Arcane Marksman)   Turns: 1120, Time: 00:06:23

Health: -7/28      AC:  3    Str:  9    XL:     3   Next: 93%
Magic:  7/7        EV: 13    Int: 12    God:
Gold:   42         SH:  0    Dex: 13    Spells: 3/7 levels left

rFire    . . .     SeeInvis .   a - +0 hand crossbow
rCold    . . .     Faith    .   (no shield)
rNeg     . . .     Spirit   .   d - +0 robe
rPois    .         Reflect  .   (no helmet)
rElec    .         Harm     .   (no cloak)
rCorr    .         Rampage  .   i - +0 pair of gloves
Will     .....                  (no boots)
Stlth    ++........             (no amulet)
HPRegen  0.09/turn              (no ring)
MPRegen  0.10/turn              (no ring)

@: no status effects
A: fangs 1, strong nose, distributed training
a: no special abilities


You were on level 2 of the Dungeon.
You visited 1 branch of the dungeon, and saw 2 of its levels.

You collected 42 gold pieces.

Inventory:

Hand Weapons
 a - a +0 hand crossbow (weapon)
 j - a +0 dagger
Armour
 d - a +0 robe (worn)
 i - a +0 pair of gloves (worn)
Wands
 k - a wand of digging (2)
Scrolls
 b - a scroll of fog {unknown}
 g - a scroll of identify {unknown}
 l - a scroll of teleportation {unknown}
Potions
 e - 2 potions of mutation {unknown}
 f - 2 potions of curing {unknown}
 h - a potion of might {unknown}


   Skills:
 + Level 2.6 Fighting
 + Level 1.0 Short Blades
 + Level 1.0 Long Blades
 + Level 1.0 Axes
 + Level 1.0 Maces & Flails
 + Level 1.0 Polearms
 + Level 1.0 Staves
 + Level 1.0 Slings
 + Level 1.0 Bows
 + Level 4.6 Crossbows
 + Level 1.0 Throwing
 + Level 1.0 Armour
 + Level 4.6 Dodging
 + Level 1.0 Stealth
 + Level 1.0 Shields
 + Level 1.0 Unarmed Combat
 + Level 2.9 Spellcasting
 + Level 0.7 Conjurations
 + Level 5.4 Hexes
 + Level 0.7 Summonings
 + Level 0.7 Necromancy
 + Level 0.7 Translocations
 + Level 0.7 Transmutations
 + Level 0.7 Fire Magic
 + Level 0.7 Ice Magic
 + Level 0.7 Air Magic
 + Level 0.7 Earth Magic
 + Level 0.7 Poison Magic
 + Level 1.0 Invocations
 + Level 1.0 Evocations


You had 3 spell levels left.
You knew the following spells:

 Your Spells              Type           Power      Damage    Failure   Level
a - Corona                Hex            15%        N/A       2%          1
b - Portal Projectile     Hex/Tloc       18%        N/A       22%         3

Your spell library contained the following spells:

 Spells                   Type           Power      Damage    Failure   Level
 Slow                     Hex            14%        N/A       4%          2
 Inner Flame              Hex/Fire       9%         N/A       22%         3
 Cause Fear               Hex            7%         N/A       26%         4
 Leda's Liquefaction      Hex/Erth       4%         N/A       56%         4


Dungeon Overview and Level Annotations

Branches:
Dungeon (2/15)

Altars:
Ru


Innate Abilities, Weirdness & Mutations

You have very sharp teeth.
Your uncanny sense of smell can sniff out nearby items.
Your experience applies equally to all skills.


Message History

Press: ? - help, Q - select action, (/) - cycle Shift-Dir - straight line, f/p - black bear
Aim: a black bear (lightly wounded, 71% to hit)
You shoot a bolt. The bolt hits the black bear!
The black bear is moderately wounded.
The black bear completely misses you. The black bear claws you.
The black bear barely misses you.
Fire: 3 bolts
Press: ? - help, Q - select action, (/) - cycle Shift-Dir - straight line, f/p - black bear
Aim: a black bear (moderately wounded, 71% to hit)
You shoot a bolt. The bolt hits the black bear.
The black bear is heavily wounded.
The black bear barely misses you. The black bear claws you. x2
Fire: 2 bolts
Press: ? - help, Q - select action, (/) - cycle Shift-Dir - straight line, f/p - black bear
Aim: a black bear (heavily wounded, 71% to hit)
You shoot a bolt. The bolt hits the black bear.
The black bear is severely wounded.
The black bear closely misses you. The black bear barely misses you.
The black bear closely misses you. The black bear completely misses you.
The black bear claws you but does no damage. x2
Fire: bolt
Press: ? - help, Q - select action, (/) - cycle Shift-Dir - straight line, f/p - black bear
Aim: a black bear (severely wounded, 71% to hit)
You shoot a bolt. The bolt hits the black bear.
The black bear is almost dead.
The black bear goes berserk!
Unknown command.
You barely miss the black bear.
The black bear is almost dead.
The black bear barely misses you.
The black bear claws you but does no damage. x2
The black bear bites you. The black bear closely misses you.
The black bear barely misses you. The black bear barely misses you.
The black bear claws you but does no damage. x2
The black bear bites you!
* * * LOW HITPOINT WARNING * * *
The black bear closely misses you. The black bear barely misses you.
The black bear bites you!
You die...

.....##(...................
....#.###.##.#########.##
#...# #.).......# #.# #..#
####.####.# #.# #.#(#
###.### #.## ∆#g #(#
#.....##.####... ∆⌠g #(##
#....)##[..>.).. #!
#..###.....########## #g
#.gh@......# # h
#..####.....# ####### #..##
####.## #...... ...#
...####.##### ..###
>.........### .
...####.#.#.. ## #.#....
#.###†. #.#####


You could see a black bear (berserk) and a hobgoblin.

Vanquished Creatures
  An adder (D:2)
  A worm (D:2)
  3 dart slugs
  A ball python (D:2)
  5 endoplasms
  5 goblins (D:2)
  A hobgoblin (D:1)
  7 jackals (D:2)
  2 quokkas (D:1)
  A bat (D:2)
  3 frilled lizards
  2 kobolds
  A rat (D:2)
33 creatures vanquished.

Notes
Turn   | Place    | Note
-------+----------+-------------------------------------------
     0 | D:1      | hunterBerkeley the Gnoll Arcane Marksman began the quest
                  | for the Orb.
     0 | D:1      | Reached XP level 1. HP: 17/17 MP: 4/4
   369 | D:1      | Reached XP level 2. HP: 23/23 MP: 5/5
   809 | D:2      | Found a sacrificial altar of Ru.
   853 | D:2      | Reached XP level 3. HP: 28/28 MP: 7/7
   930 | D:2      | Reached skill level 1 in Invocations
   998 | D:2      | Reached skill level 1 in Short Blades
   998 | D:2      | Reached skill level 1 in Long Blades
   998 | D:2      | Reached skill level 1 in Axes
   998 | D:2      | Reached skill level 1 in Maces & Flails
   998 | D:2      | Reached skill level 1 in Polearms
   998 | D:2      | Reached skill level 1 in Staves
   998 | D:2      | Reached skill level 1 in Slings
   998 | D:2      | Reached skill level 1 in Bows
   998 | D:2      | Reached skill level 1 in Throwing
   998 | D:2      | Reached skill level 1 in Armour
   998 | D:2      | Reached skill level 1 in Stealth
   998 | D:2      | Reached skill level 1 in Shields
   998 | D:2      | Reached skill level 1 in Unarmed Combat
   998 | D:2      | Reached skill level 1 in Evocations
  1029 | D:2      | Learned a level 3 spell: Portal Projectile
  1100 | D:2      | Noticed a black bear
  1120 | D:2      | Mangled by a black bear

Illustrated notes

Levels and vault maps discovered:
D:1:      tarquinn_simple_flora_water_e, layout_loops_ring
D:2:      layout_loops_ring, basic_altar, chequers_serial_rivers_micro_e,
          chequers_serial_rivers_small_b, minivault_14, minmay_circle_x,
          uniq_crazy_yiuf_cottage

Skill      XL: |  1  2  3 |
---------------+----------+-----
Invocations    | 1 |  1.0
Short Blades   | 1 |  1.0
Long Blades    | 1 |  1.0
Axes           | 1 |  1.0
Maces & Flails | 1 |  1.0
Polearms       | 1 |  1.0
Staves         | 1 |  1.0
Slings         | 1 |  1.0
Bows           | 1 |  1.0
Throwing       | 1 |  1.0
Armour         | 1 |  1.0
Stealth        | 1 |  1.0
Shields        | 1 |  1.0
Unarmed Combat | 1 |  1.0
Evocations     | 1 |  1.0
Fighting       | |  2.6
Crossbows      | |  4.6
Dodging        | |  4.6
Spellcasting   | |  2.9
Conjurations   | |  0.7
Hexes          | |  5.4
Summonings     | |  0.7
Necromancy     | |  0.7
Translocations | |  0.7
Transmutations | |  0.7
Fire Magic     | |  0.7
Ice Magic      | |  0.7
Air Magic      | |  0.7
Earth Magic    | |  0.7
Poison Magic   | |  0.7

Action                   || total
-------------------------++-------
Melee: Hand crossbow     ||     8
       Bite              ||     1
 Fire: Hand crossbow     ||    72
 Cast: Portal Projectile ||     1
Armor: Robe              ||    14
Dodge: Dodged            ||    40

Table legend: (Time is in decaauts)
 A = Elapsed time spent in this place.
 B = Non-inter-level travel time spent in this place.
 C = Inter-level travel time spent in this place.
 D = Time resting spent in this place.
 E = Time spent auto-exploring this place.
 F = Levels seen in this place.
 G = Mean time per level.
                   A        B        C        D        E       F      G
               +--------+--------+--------+--------+--------+-----+--------+
         Total |   1145 |   1099 |     46 |      0 |    608 |   2 |  572.5 |
       Dungeon |   1145 |   1099 |     46 |      0 |    608 |   2 |  572.5 |
               +--------+--------+--------+--------+--------+-----+--------+

Top non-repeatable levels by time:
     D:1: 800 daAuts
     D:2: 344 daAuts
